AoeStats
← Dani

Arena

505958815Analyzed
2v2 RM · 22d ago on Sep 11, 2026· 38m 0s· 4 players
Game mode
Random Map
Map size
Medium (4 player)
Population
200
Speed
Normal
Resources
Standard
Victory
Conquest
Starting age
Dark Age
Ending age
Imperial Age
RankedLock teamsTeams togetherTeam positionsShared explorationLock speedFull tech treeHidden civsTurbo modeCheats
Victory
Defeat
🇺🇦 Vietnamese · Ukraine
1356
+19
🇺🇦 Slavs · Ukraine
1356
+19
🇩🇪 Persians · Germany
1432
-19
🇩🇪 Malians · Germany
1414
-19
Tedik500
8:21 Loom
10:11 Feudal Age
8:27 Loom
9:43 Loom
10:55 Double-Bit Axe
10:31 Man-at-Arms
14:22 Horse Collar
21:43 Castle Age
22:02 Forging
22:41 Scale Barding Armor
22:59 Bow Saw
25:13 Chain Barding Armor
25:41 Husbandry
26:42 Bloodlines
29:43 Wheelbarrow
32:10 Hand Cart
40:15 Imperial Age
37:33 Town Watch
Astor
11:44 Feudal Age
15:38 Double-Bit Axe
15:33 Horse Collar
18:27 Castle Age
16:54 Double-Bit Axe
16:50 Horse Collar
21:31 Forging
21:23 Scale Mail Armor
29:51 Wheelbarrow
29:02 Loom
29:29 Bow Saw
29:28 Heavy Plow
30:10 Fletching
30:20 Padded Archer Armor
34:14 Imperial Age
33:10 Squires
33:33 Chain Mail Armor
33:53 Iron Casting
34:37 Iron Casting
35:29 Plate Mail Armor
34:26 Capped Ram
35:01 Elite Fire Lancer
36:47 Hand Cart
37:03 Crop Rotation
Sebo
11:33 Feudal Age
12:50 Loom
20:11 Castle Age
20:14 Double-Bit Axe
22:59 Bow Saw
22:29 Horse Collar
34:10 Arson
35:59 Forging
37:33 Fletching
37:43 Scale Mail Armor
Dani
10:43 Feudal Age
14:30 Castle Age
13:15 Double-Bit Axe
13:30 Horse Collar
14:42 Scale Barding Armor
15:43 Gold Mining
20:47 Bow Saw
20:45 Heavy Plow
21:17 Loom
22:13 Forging
22:41 Husbandry
24:24 Wheelbarrow
24:56 Chain Barding Armor
27:38 Hand Cart
27:08 Town Watch
28:42 Iron Casting
30:11 Bloodlines
35:39 Imperial Age
36:43 Plate Barding Armor
35:36 Cavalier
Connection lost

Rejoining the realm…

Still unreachable

The connection could not be restored.

Session expired

The server has moved on; the page needs a fresh start.